 Dungeon Crawl Stone Soup version 0.31-a0-177-g4aa6249778 (webtiles) character file.

Game seed: 14585653999192135927

294 qw the Shooter (level 6, -5/58 HPs)
             Began as a Naga Hunter on June 18, 2023.
             Slain by an orc warrior
             ... wielding a +0 trident
              (8 damage)
             ... on level 4 of the Dungeon.
             The game lasted 00:01:03 (2471 turns).

qw the Shooter (Naga Hunter)                        Turns: 2471, Time: 00:01:04

Health: -5/58      AC:  6    Str: 13      XL:     6   Next: 34%
Magic:  6/6        EV:  9    Int: 10      God:
Gold:   109        SH:  0    Dex: 14 (16) Spells: 5/5 levels left

rFire   . . .        Y - +0 shortbow
rCold   + . .        (shield currently unavailable)
rNeg    . . .        c - +0 leather armour
rPois   +            (no helmet)
rElec   .            (no cloak)
rCorr   .            a - +2 pair of gloves
SInv    +            (no barding)
Will    .....        (no amulet)
Stlth   ++           f - ring of protection from cold
HPRegen 0.29/turn    (no ring)
MPRegen 0.10/turn

%: no passive effects
@: very slow
A: AC +2, large, see invisible, deformed body, poison resistance, slowness 2,
spit poison 1, naga tail 1
a: Spit Poison


You were on level 4 of the Dungeon.
You visited 1 branch of the dungeon, and saw 4 of its levels.

You collected 142 gold pieces.
You spent 33 gold pieces at shops.


Innate Abilities, Weirdness & Mutations

Your serpentine skin is tough. (AC +2)
You have supernaturally acute eyesight. (SInv)
Armour fits poorly on your strangely shaped body.
Your system is resistant to poisons. (rPois)
You cover ground very slowly.
You can spit poison.
You have a snake-like lower body.


   Skills:
 - Level 4.7 Fighting
 + Level 5.4 Ranged Weapons
 - Level 1.5 Dodging
 - Level 1.5 Stealth


You had 5 spell levels left.
You didn't know any spells.
Your spell library was empty.

Inventory:

Hand Weapons
 Y - a +0 shortbow (weapon)
Armour
 a - a +2 pair of gloves (worn)
 c - a +0 leather armour (worn)
Jewellery
 b - a ring of fire
 f - a ring of protection from cold (left hand)
 m - a +4 ring of slaying {mikee}
Scrolls
 d - a scroll of fog {unknown}
 i - 2 scrolls of identify
 l - a scroll of noise {unknown}
Potions
 e - a potion of haste {unknown}
 g - a potion of resistance
 h - 3 potions of curing
 j - a potion of ambrosia {unknown}
 k - a potion of might {unknown}

Dungeon Overview and Level Annotations

Branches:
Dungeon (4/15)
 Temple: D:4-7

Altars:

Shops:
D:1 !

Annotations:
D:4 Eustachio


Message History

Eustachio calls on the powers of shadow!
Eustachio zaps a wand.
The puff of flame hits you!
The orc priest invokes the aid of Beogh against you.
Beogh smites you!
2466 ||| INVOKING Spit Poison.
Aiming: Spit Poison (1% risk of failure)
Press: ? - help, Shift-Dir - straight line, f/p - orc warrior The splash of poison hits the orc warrior.
The orc warrior is poisoned.
The orc warrior is heavily wounded.
The orc warrior hits you from afar with a +0 trident.
You shoot an arrow.
The arrow hits the orc warrior but does no damage.
The orc warrior is heavily wounded.
Eustachio zaps a wand.
The puff of flame hits you. The orc warrior misses you.
The orc priest invokes the aid of Beogh against you.
Pain shoots through your body! The orc warrior barely misses you.
You shoot an arrow. The arrow hits Eustachio!
Eustachio is lightly wounded.
The orc priest looks encouraged for a moment.
Eustachio hits you but does no damage.
The orc warrior hits you but does no damage.
You shoot an arrow. The arrow barely misses Eustachio.
The arrow closely misses the orc warrior.
Eustachio hits you with a +0 rapier.
The orc warrior hits you from afar with a +0 trident.
You shoot an arrow. The arrow misses Eustachio.
The arrow barely misses the orc warrior.
Eustachio zaps a wand.
The puff of flame hits you.
The orc wizard hits you but does no damage.
The orc warrior barely misses you.
You shoot an arrow. The arrow closely misses Eustachio.
The arrow hits the orc warrior but does no damage.
The orc warrior is severely wounded.
You have got your breath back.
The orc priest hits you with a +0 dagger.
Eustachio screams, "At last I'll have my revenge!"
Eustachio barely misses you. The orc wizard barely misses you.
The orc warrior hits you from afar with a +0 trident!
You die...

#..#.#.# #.##.#......
############.##.........
####.#.......##...>.....
#..##.######.##.........
##...#.## #.##.........
.....##.## #.##........
####...#(###........##..
.......##.##.##..o......
##..##...#%#.##.@@o.#..
...#####.###..#..o.$#
############............
##............####.#....
..............# #..# ...
###........#.###.... ..
# ##......##......#.. .
#...#..##......###.
####...##.........#


You could see Eustachio, an orc warrior (poisoned), an orc priest and an orc
wizard (invisible).

Vanquished Creatures
  Sigmund (D:3)
  A jelly (D:4)
  4 adders
  2 worms
  2 dart slugs
  An orc (D:4)
  8 bats
  6 endoplasms
  4 giant cockroaches
  4 goblins
  6 hobgoblins
  7 kobolds
  2 quokkas
  6 ball pythons
  2 frilled lizards
  6 rats
62 creatures vanquished.

Notes
Turn   | Place    | Note
-------+----------+-------------------------------------------
     0 | D:1      | qw the Naga Hunter began the quest for the Orb.
     0 | D:1      | Reached XP level 1. HP: 19/19 MP: 1/1
     0 | D:1      | 0 ||| qw: Version: 0.3-a-7-g5d187d3
     0 | D:1      | 0 ||| qw: Game counter: 706
     0 | D:1      | 0 ||| qw: Always use a shield: true
     0 | D:1      | 0 ||| qw: God list: Okawaru
     0 | D:1      | 0 ||| qw: Allow faded altars: false
     0 | D:1      | 0 ||| qw: Do Orc after D:15 true
     0 | D:1      | 0 ||| qw: Do second Lair branch before Depths: true
     0 | D:1      | 0 ||| qw: Lair rune preference: random
     0 | D:1      | 0 ||| qw: Plans: Normal
     0 | D:1      | 0 ||| PLANNING D:1-11
    32 | D:1      | 32 ||| INVOKING Spit Poison.
    36 | D:1      | 36 ||| INVOKING Spit Poison.
    62 | D:1      | 62 ||| INVOKING Spit Poison.
   111 | D:1      | Reached skill level 4 in Ranged Weapons
   111 | D:1      | Reached XP level 2. HP: 24/26 MP: 2/2
   123 | D:1      | 123 ||| INVOKING Spit Poison.
   137 | D:1      | 137 ||| INVOKING Spit Poison.
   167 | D:1      | Found Daaginni's Distillery.
   177 | D:1      | 177 ||| SHOPLISTING 2 potions of heal wounds (110 gold,
                  | have 36).
   177 | D:1      | 177 ||| BUYING potion of curing (33 gold).
   177 | D:1      | Bought a potion of curing for 33 gold pieces
   177 | D:1      | 177 ||| SHOPLISTING potion of enlightenment (55 gold, have
                  | 3).
   177 | D:1      | 177 ||| SHOPLISTING potion of haste (110 gold, have 3).
   177 | D:1      | 177 ||| SHOPLISTING potion of heal wounds (55 gold, have
                  | 3).
   233 | D:1      | 233 ||| READING scroll labelled HAUGEIBECI.
   234 | D:1      | 234 ||| READING scroll labelled ANEMEO KAOGOP.
   235 | D:1      | 235 ||| READING scroll labelled DOFEOZX RUINN.
   236 | D:1      | 236 ||| DROPPING scroll of butterflies.
   240 | D:1      | 240 ||| INVOKING Spit Poison.
   244 | D:1      | 244 ||| INVOKING Spit Poison.
   249 | D:1      | 249 ||| INVOKING Spit Poison.
   252 | D:1      | 252 ||| INVOKING Spit Poison.
   255 | D:1      | 255 ||| INVOKING Spit Poison.
   260 | D:1      | 260 ||| INVOKING Spit Poison.
   325 | D:1      | 325 ||| INVOKING Spit Poison.
   570 | D:1      | 570 ||| INVOKING Spit Poison.
   573 | D:1      | 573 ||| INVOKING Spit Poison.
   810 | D:1      | 810 ||| UPGRADING to +2 pair of gloves.
   878 | D:2      | 878 ||| INVOKING Spit Poison.
   881 | D:2      | Reached XP level 3. HP: 32/32 MP: 3/3
   883 | D:2      | 883 ||| INVOKING Spit Poison.
   894 | D:2      | 894 ||| INVOKING Spit Poison.
   914 | D:2      | 914 ||| INVOKING Spit Poison.
   924 | D:2      | 924 ||| INVOKING Spit Poison.
   929 | D:2      | 929 ||| INVOKING Spit Poison.
   996 | D:2      | 996 ||| INVOKING Spit Poison.
  1025 | D:2      | 1025 ||| INVOKING Spit Poison.
  1036 | D:2      | 1036 ||| INVOKING Spit Poison.
  1040 | D:2      | 1040 ||| INVOKING Spit Poison.
  1154 | D:2      | 1154 ||| INVOKING Spit Poison.
  1202 | D:2      | 1202 ||| INVOKING Spit Poison.
  1250 | D:2      | 1250 ||| INVOKING Spit Poison.
  1251 | D:2      | 1251 ||| INVOKING Spit Poison.
  1257 | D:2      | 1257 ||| INVOKING Spit Poison.
  1259 | D:2      | Reached skill level 5 in Ranged Weapons
  1259 | D:2      | Reached XP level 4. HP: 35/39 MP: 4/4
  1406 | D:2      | 1406 ||| UPGRADING to ring of protection from cold.
  1407 | D:2      | 1407 ||| READING 2 scrolls labelled LAIFY FIGAQ.
  1411 | D:2      | 1411 ||| DRINKING 2 pink potions.
  1435 | D:3      | 1435 ||| INVOKING Spit Poison.
  1486 | D:3      | 1486 ||| INVOKING Spit Poison.
  1493 | D:3      | 1493 ||| INVOKING Spit Poison.
  1497 | D:3      | 1497 ||| INVOKING Spit Poison.
  1539 | D:3      | 1539 ||| INVOKING Spit Poison.
  1545 | D:3      | 1545 ||| INVOKING Spit Poison.
  1566 | D:3      | 1566 ||| INVOKING Spit Poison.
  1600 | D:3      | 1600 ||| INVOKING Spit Poison.
  1605 | D:3      | 1605 ||| INVOKING Spit Poison.
  1650 | D:3      | 1650 ||| INVOKING Spit Poison.
  1654 | D:3      | 1654 ||| INVOKING Spit Poison.
  1655 | D:3      | Noticed Sigmund
  1658 | D:3      | 1658 ||| INVOKING Spit Poison.
  1663 | D:3      | Killed Sigmund
  1664 | D:3      | Reached XP level 5. HP: 45/51 MP: 5/5
  1664 | D:3      | Reached XP level 6. HP: 51/58 MP: 6/6
  1679 | D:3      | 1679 ||| INVOKING Spit Poison.
  1789 | D:3      | 1789 ||| INVOKING Spit Poison.
  2047 | D:3      | 2047 ||| INVOKING Spit Poison.
  2052 | D:3      | 2052 ||| INVOKING Spit Poison.
  2093 | D:4      | 2093 ||| INVOKING Spit Poison.
  2100 | D:4      | 2100 ||| INVOKING Spit Poison.
  2106 | D:4      | 2106 ||| INVOKING Spit Poison.
  2140 | D:4      | 2140 ||| INVOKING Spit Poison.
  2143 | D:4      | 2143 ||| INVOKING Spit Poison.
  2157 | D:4      | Noticed Eustachio
  2158 | D:4      | 2158 ||| INVOKING Spit Poison.
  2161 | D:4      | 2161 ||| INVOKING Spit Poison.
  2167 | D:4      | 2167 ||| INVOKING Spit Poison.
  2173 | D:4      | 2173 ||| INVOKING Spit Poison.
  2177 | D:4      | 2177 ||| INVOKING Spit Poison.
  2197 | D:4      | 2197 ||| INVOKING Spit Poison.
  2198 | D:4      | HP: 13/58 [Eustachio/puff of flame (10)]
  2199 | D:4      | 2199 ||| READING scroll of teleportation.
  2432 | D:4      | 2432 ||| INVOKING Spit Poison.
  2460 | D:4      | Noticed an orc warrior
  2463 | D:4      | 2463 ||| INVOKING Spit Poison.
  2466 | D:4      | 2466 ||| INVOKING Spit Poison.
  2469 | D:4      | HP: 11/58 [Eustachio/+0 rapier (6)]
  2470 | D:4      | HP: 5/58 [Eustachio/puff of flame (2)]
  2471 | D:4      | Slain by an orc warrior

Levels and vault maps discovered:
D:1:      scummos_arrival_simple_crosswalls, layout_basic, serial_shops,
          nicolae_shop_waterfront, chequers_big_river
D:2:      layout_basic
D:3:      layout_basic, uniq_sigmund
D:4:      wad_crossroads, layout_rooms,
          chequers_temple_overflow_statue_of_worship, roderic_roman_lattice,
          uniq_eustachio

Skill      XL: |  1  2  3  4 |
---------------+-------------+-----
Ranged Weapons | 4 5 |  5.4
Fighting       | 4 |  4.7
Dodging        | |  1.5
Stealth        | |  1.5

Action                     |  1- 3 |  4- 6 || total
---------------------------+-------+-------++-------
   Fire: Shortbow          |    73 |   121 ||   194
Ability: Spit Poison       |    28 |    30 ||    58
    Use: Scroll            |     3 |     2 ||     5
         Potion            |       |     1 ||     1
 Armour: Leather armour    |     4 |    53 ||    57
  Dodge: Dodged            |    15 |    64 ||    79

Table legend:
 A = Non-vault XP
 B = Vault XP
 C = Vault XP percentage of total XP
 D = Non-vault monster count
 E = Vault monster count
 F = Vault count percentage of total count
                 A         B        C        D         E       F
            +---------+---------+-------+---------+---------+-------
      Total |     140 |     281 |  66.7 |      59 |       3 |   4.8
            +---------+---------+-------+---------+---------+-------
        D:1 |      32 |       0 |   0.0 |      19 |       0 |   0.0
        D:2 |      53 |       0 |   0.0 |      18 |       0 |   0.0
        D:3 |      44 |     226 |  83.7 |      17 |       1 |   5.6
        D:4 |      11 |      55 |  83.3 |       5 |       2 |  28.6
            +---------+---------+-------+---------+---------+-------
